 Dungeon Crawl Stone Soup version 0.28-a0-938-gbc3f381ebc (webtiles) character file.

Game seed: 17477867258197779879

57 BinkBink the Ducker (level 3, 0/19 HPs)
             Began as a Spriggan Abyssal Knight on Nov 28, 2021.
             Was a Follower of Lugonu.
             Killed by nerve-wracking pain
             ... invoked by an orc priest
              (6 damage)
             ... on level 2 of the Dungeon.
             The game lasted 00:06:06 (3117 turns).

BinkBink the Ducker (Spriggan Abyssal Knight)       Turns: 3117, Time: 00:06:06

Health: 0/19       AC:  2    Str:  9    XL:     3   Next: 73%
Magic:  5/5        EV: 18    Int: 11    God:    Lugonu [*.....]
Gold:   199        SH:  0    Dex: 16    Spells: 2/2 levels left

rFire   + . .      SeeInvis +   a - +1 short sword
rCold   . . .      Faith    .   (shield restricted)
rNeg    . . .      Spirit   .   b - +0 robe
rPois   .          Reflect  .   (helmet restricted)
rElec   .          Harm     .   (no cloak)
rCorr   .          Rampage  .   (gloves unavailable)
Will    .....                   (boots unavailable)
Stlth   ++........              (no amulet)
HPRegen 0.06/turn               d - ring of protection from fire
MPRegen 0.09/turn               (no ring)

@: lethally poisoned (0 -> -4), very quick
A: very small, no large weapons, unfitting armour, see invisible, speed 3
a: Renounce Religion, Depart the Abyss


You were on level 2 of the Dungeon.
You worshipped Lugonu.
Lugonu was aware of your devotion.
You visited 1 branch of the dungeon, and saw 3 of its levels.
You visited the Abyss 1 time.

You collected 199 gold pieces.

Inventory:

Hand Weapons
 a - a +1 short sword (weapon)
Armour
 b - a +0 robe (worn)
Magical Staves
 f - a staff of poison
Jewellery
 d - a ring of protection from fire (left hand)
Scrolls
 c - a scroll of teleportation {unknown}
 e - 2 scrolls of identify {unknown}
 h - a scroll of enchant weapon {unknown}
Potions
 g - 2 potions of mutation {unknown}


   Skills:
 + Level 2.9 Fighting
 + Level 3.3 Short Blades
 + Level 3.8 Dodging
 + Level 1.0 Stealth
 + Level 1.9 Invocations


You had 2 spell levels left.
You didn't know any spells.
Your spell library was empty.

Dungeon Overview and Level Annotations

Branches:
Dungeon (3/15)

Altars:


Innate Abilities, Weirdness & Mutations

You are very small and have problems with some larger weapons.
You are too small for most types of armour.
You have supernaturally acute eyesight. (SInv)
You cover ground extremely quickly. (Speed+++)


Message History

You hit the orc.
The orc is heavily wounded.
The orc hits you with a +0 hand axe.
You hit the orc but do no damage.
The orc is heavily wounded.
The orc hits you with a +0 hand axe.
You hit the orc.
You kill the orc!
Lugonu accepts your kill.
You see here a quokka corpse.
There is a stone staircase leading up here.
You climb upwards.
There is a stone staircase leading down here.
HP restored.
Done exploring.
You climb downwards.
There is a stone staircase leading up here.
You hit the orc priest.
The orc priest is lightly wounded.
You closely miss the orc priest.
The orc priest is lightly wounded.
The orc priest completely misses you.
You hit the orc priest.
The orc priest is moderately wounded.
The orc priest hits you with a +1 dagger of venom.
You are poisoned.
You hit the orc priest but do no damage.
The orc priest is moderately wounded.
You feel sick. The orc priest completely misses you.
You hit the orc priest.
The orc priest is moderately wounded.
You feel sick. The orc priest closely misses you.
You hit the orc priest.
The orc priest is severely wounded.
You feel sick. The orc priest barely misses you.
The orc hits you with a +0 mace.
You feel sick.
The orc priest invokes the aid of Beogh against you.
Pain shoots through your body!
You die...

#.#.#.# #.##>............+
#.#.#.# #.#########......#
#.#.#.###.#########......#
#.#.......##......o........
#.###.######.######........
#..........#.###########...
######.###.#oo....# .o
#.###'#.....># .
#....<@......#
#...........##
#...........# #..........[#
#...........# #...........#
#############


You could see an orc priest and an orc.

Vanquished Creatures
  An orc wizard (D:2)
  A worm (D:2)
  An orc (D:2)
  4 ball pythons
  A bat (D:2)
  4 endoplasms (D:1)
  2 giant cockroaches (D:1)
  2 hobgoblins
  4 jackals (D:1)
  A quokka (D:2)
  2 frilled lizards
  2 kobolds
25 creatures vanquished.

Notes
Turn   | Place    | Note
-------+----------+-------------------------------------------
     0 | Abyss:1  | BinkBink the Spriggan Abyssal Knight began the quest for
                  | the Orb.
     0 | Abyss:1  | Reached XP level 1. HP: 11/11 MP: 3/3
    82 | Abyss:1  | Noticed a large abomination
   151 | Abyss:2  | Noticed a wraith
   179 | Abyss:2  | Noticed a ynoxinul
   189 | Abyss:2  | Noticed a small abomination
   190 | Abyss:2  | Noticed a spatial vortex
   191 | Abyss:2  | Identified the +3 barding of Matox {rF+}
   192 | Abyss:2  | Noticed a tentacled starspawn
   193 | D:1      | Escaped the Abyss
   513 | D:1      | Reached XP level 2. HP: 12/16 MP: 4/4
  1685 | D:3      | Reached * piety under Lugonu
  2645 | D:2      | Reached XP level 3. HP: 18/19 MP: 5/5
  2701 | D:2      | Reached skill level 1 in Stealth
  3117 | D:2      | Killed from afar by an orc priest

Illustrated notes

Levels and vault maps discovered:
D:1:      dpeg_arrival_arbitrary_c, layout_loops_ring,
          minmay_misc_feat_secret_circle, corexii_hall_statues_x
D:2:      layout_basic, kennysheep_minor_cross
D:3:      layout_loops_ring, chequers_ecumenical_altar_lobes, serial_shops,
          nicolae_shop_advertising_works [nicolae_subvault_shop_adworks],
          kennysheep_nub, uniq_robin

Skill      XL: |  1  2  3 |
---------------+----------+-----
Short Blades   | 3 |  3.3
Stealth        | 1 |  1.0
Fighting       | |  2.9
Dodging        | |  3.8
Invocations    | |  1.9

Action                   || total
-------------------------++-------
Melee: Short sword       ||   136
Invok: Depart the Abyss  ||     1
  Use: Potion            ||     3
       Scroll            ||     1
Armor: Robe              ||     5
Dodge: Dodged            ||   107

Table legend: (Time is in decaauts)
 A = Elapsed time spent in this place.
 B = Non-inter-level travel time spent in this place.
 C = Inter-level travel time spent in this place.
 D = Time resting spent in this place.
 E = Time spent auto-exploring this place.
 F = Levels seen in this place.
 G = Mean time per level.
                   A        B        C        D        E       F      G
               +--------+--------+--------+--------+--------+-----+--------+
         Total |   2530 |   2500 |     30 |    100 |   2005 |   5 |  506.0 |
       Dungeon |   2432 |   2402 |     30 |    100 |   1952 |   3 |  810.7 |
         Abyss |     98 |     98 |      0 |      0 |     52 |   2 |   49.0 |
               +--------+--------+--------+--------+--------+-----+--------+

Top non-repeatable levels by time:
     D:1: 1505 daAuts
     D:2: 832 daAuts
     D:3: 94 daAuts
 Abyss:2: 49 daAuts
 Abyss:1: 48 daAuts
